 Dungeon Crawl Stone Soup version 0.29.0-11-gd7f09526c8 (webtiles) character file.

Game seed: 8929822977008819077

333 RogueRain17 the Slasher (level 7, 0/59 HPs)
             Began as a Meteoran Cinder Acolyte on Sept 3, 2022.
             Was a Priest of Ignis.
             Splashed by a jelly's acid (5 damage)
             ... on level 4 of the Dungeon.
             The game lasted 00:08:37 (1816 turns).

RogueRain17 the Slasher (Meteoran Cinder Acolyte)   Turns: 1816, Time: 00:08:37

Health: 0/59       AC: -11   Str: 16    XL:     7   Next: 9%
Magic:  10/10      EV: 12    Int: 15    God:    Ignis [***...]
Gold:   160        SH:  0    Dex: 12    Spells: 8/8 levels left

rFire   + . .      SeeInvis .   a - -1 falchion (flame)
rCold   . . .      Faith    .   (no shield)
rNeg    . . .      Spirit   .   b - +0 robe
rPois   .          Reflect  .   (no helmet)
rElec   .          Harm     .   (no cloak)
rCorr   .          Rampage  .   c - +2 pair of gloves
Will    .....                   (no boots)
Stlth   +.........              (no amulet)
HPRegen 0.19/turn               (no ring)
MPRegen 0.12/turn               (no ring)

@: corroded, rising, flying, glowing
A: sense surroundings 1, otherworldly, glowing, explore regen
a: Renounce Religion, Fiery Armour, Foxfire Swarm


You were on level 4 of the Dungeon.
You worshipped Ignis.
Ignis was most pleased with you.
You visited 1 branch of the dungeon, and saw 4 of its levels.

You collected 160 gold pieces.

Inventory:

Hand Weapons
 a - a -1 falchion of flaming (weapon)
Armour
 b - a +0 robe (worn)
 c - a +2 pair of gloves (worn)
Wands
 l - a wand of flame (17)
Scrolls
 e - a scroll of vulnerability {unknown}
 f - a scroll of poison {unknown}
 h - a scroll of teleportation {unknown}
 i - a scroll of enchant armour {unknown}
 k - 3 scrolls of identify {unknown}
Potions
 d - a potion of flight {unknown}
 g - 2 potions of brilliance {unknown}
 j - a potion of curing {unknown}


   Skills:
 - Level 4.0 Fighting
 * Level 7.3 Long Blades
 + Level 3.2 Dodging
 - Level 1.3 Spellcasting
 - Level 3.6 Fire Magic


You had 8 spell levels left.
You didn't know any spells.
Your spell library contained the following spells:

 Spells                   Type           Power      Damage    Failure   Level
 Scorch                   Fire           22%        2d6       9%          2
 Fireball                 Conj/Fire      3%         3d4       97%         5
 Iskenderun's Battlesphe  Conj           1%         2d6       100%        5
 Conjure Ball Lightning   Conj/Air       0%         3x3d6     100%        6
 Orb of Destruction       Conj           0%         9d5       100%        7


Dungeon Overview and Level Annotations

Branches:
Dungeon (4/15) Zot: 568
 Temple: D:4-7

Altars:
Gozag


Innate Abilities, Weirdness & Mutations

You passively map a small area around you.
You are easily found by Zot.
You glow in the dark.
You regain HP and MP as you explore.


Message History

The orc is severely wounded.
The orc hits you but does no damage.
You hit the orc. You burn the orc.
You kill the orc!
You are glowing.
Your movement speed is average.
Your attack delay is about 0.9.
You hit the jelly but do no damage.
Your hands burn!
The jelly hits you.
You are splashed with acid.
You hit the jelly. You burn the jelly. The acid corrodes you!
Your hands burn!
The jelly is heavily wounded.
The jelly misses you.
You hit the jelly but do no damage.
Your hands burn!
The jelly is heavily wounded.
The jelly closely misses you.
You hit the jelly but do no damage.
Your hands burn!
The jelly is heavily wounded.
The jelly hits you but does no damage.
You hit the jelly but do no damage. The acid corrodes you!
Your hands burn!
The jelly is heavily wounded.
The jelly misses you.
You hit the jelly. You burn the jelly.
Your hands burn!
The jelly is heavily wounded.
The jelly hits you.
You are splashed with acid.
You hit the jelly but do no damage.
Your hands burn!
The jelly is heavily wounded.
The jelly barely misses you.
You hit the jelly but do no damage.
Your hands burn!
The jelly is heavily wounded.
The jelly closely misses you.
You hit the jelly but do no damage.
Your hands burn!
* * * LOW HITPOINT WARNING * * *
The jelly is heavily wounded.
The jelly hits you.
* * * LOW HITPOINT WARNING * * *
The acid corrodes you!
You are splashed with acid.
* * * LOW HITPOINT WARNING * * *
You begin to rise into the air.
The jelly hits you.
* * * LOW HITPOINT WARNING * * *
The acid corrodes you!
You are splashed with acid.
You die...

[.....##...## , ,,
......##.#..###, , , ,
..[...##.##...##+# **, *
#†######.####.##.# * *
#.# #.# #....#
#'######.######.># *,*
............# ##.# ** *
.†.....[....# #.# ,
...)........####@# , ,
..............##J#####+##
*
#####.........##.........
#.........##.......!.
#.........###........
#.........# #........*
#.......).# #########
#.........# #.........#


You could see a jelly.

Vanquished Creatures
  Eustachio (D:4)
  2 hounds (D:4)
  An iguana (D:3)
  4 adders
  A worm (D:2)
  2 dart slugs (D:3)
  2 orcs
  6 ball pythons
  2 bats
  4 endoplasms
  4 giant cockroaches
  5 goblins
  5 hobgoblins
  7 jackals
  7 kobolds
  4 quokkas
  4 frilled lizards
  4 rats
65 creatures vanquished.

Vanquished Creatures (others)
  51 foxfires
51 creatures vanquished.

Grand Total: 116 creatures vanquished

Notes
Turn   | Place    | Note
-------+----------+-------------------------------------------
     0 | D:1      | RogueRain17 the Meteoran Cinder Acolyte began the quest for
                  | the Orb.
     0 | D:1      | Reached XP level 1. HP: 19/19 MP: 3/3
    83 | D:1      | Reached XP level 2. HP: 24/26 MP: 5/5
   103 | D:1      | Reached skill level 4 in Long Blades
   257 | D:1      | Found a faded altar of an unknown god.
   432 | D:1      | Reached XP level 3. HP: 33/33 MP: 6/6
   494 | D:1      | Glimpsed the power of Zot.
   659 | D:2      | Reached XP level 4. HP: 28/40 MP: 7/7
   721 | D:2      | Reached skill level 5 in Long Blades
   731 | D:2      | Found an opulent altar of Gozag.
  1070 | D:3      | Reached XP level 5. HP: 46/46 MP: 8/8
  1152 | D:3      | Reached skill level 1 in Dodging
  1642 | D:3      | Reached skill level 6 in Long Blades
  1683 | D:3      | Glimpsed the power of Zot.
  1693 | D:4      | Reached XP level 6. HP: 52/52 MP: 9/9
  1718 | D:4      | Noticed Eustachio
  1735 | D:4      | Killed Eustachio
  1736 | D:4      | Reached skill level 7 in Long Blades
  1766 | D:4      | Reached XP level 7. HP: 57/59 MP: 10/10
  1816 | D:4      | Splashed by a jelly's acid

Illustrated notes

Levels and vault maps discovered:
D:1:      nzn_arrival_settlement, layout_basic,
          hellmonk_ecumenical_altar_crossroads
D:2:      layout_rooms, basic_altar
D:3:      wad_crossroads, layout_loops_ring, amethyst_overflow_temple_binary,
          chequers_big_river
D:4:      layout_basic, kennysheep_mini_moat, uniq_eustachio

Skill      XL: |  1  2  3  4  5  6 |
---------------+-------------------+-----
Long Blades    | 4 5 6 7 |  7.3
Dodging        | 2 3 |  3.2
Fighting       | 4 |  4.0
Spellcasting   | |  1.3
Fire Magic     | |  3.6

Action                   |  1- 3 |  4- 6 |  7- 9 || total
-------------------------+-------+-------+-------++-------
Melee: Falchion          |    98 |   127 |    17 ||   242
       Punch             |       |     1 |       ||     1
Invok: Foxfire Swarm     |       |     3 |       ||     3
       Fiery Armour      |       |     1 |       ||     1
       Rising Flame      |       |       |     1 ||     1
Armor: Robe              |    35 |    45 |     2 ||    82
Dodge: Dodged            |    47 |    71 |     7 ||   125
